AoeStats
← ĐẠI ĐÔ ĐỐC MẠNH ĐẠT

Arabia

517181963Analyzed
1v1 RM · 1d ago on Oct 29, 2026· 30m 58s· 2 players
Game mode
Random Map
Map size
Tiny (2 player)
Population
200
Speed
Normal
Resources
Standard
Victory
Conquest
Starting age
Dark Age
Ending age
Imperial Age
RankedLock teamsTeams togetherTeam positionsShared explorationLock speedFull tech treeHidden civsTurbo modeCheats
Victory
Defeat
🇨🇳 Inca · China
1720
+18
vs
1767
-18
勇者七海
7:21 Loom
10:28 Feudal Age
10:32 Champi Runner
10:59 Double-Bit Axe
15:04 Horse Collar
16:34 Fletching
17:16 Padded Archer Armor
17:59 Scale Mail Armor
22:52 Wheelbarrow
22:02 Town Watch
25:46 Castle Age
24:12 Gold Mining
25:00 Forging
25:51 Champi Warrior
26:49 Chain Mail Armor
27:06 Bow Saw
27:42 Squires
28:43 Town Watch
29:38 Iron Casting
ĐẠI ĐÔ ĐỐC MẠNH ĐẠT
7:41 Loom
10:12 Feudal Age
10:18 Double-Bit Axe
16:46 Fletching
16:56 Padded Archer Armor
26:25 Castle Age
25:22 Crossbowman
26:06 Bodkin Arrow
27:38 Ballistics
29:27 Wheelbarrow
Connection lost

Rejoining the realm…

Still unreachable

The connection could not be restored.

Session expired

The server has moved on; the page needs a fresh start.